 Dungeon Crawl Stone Soup version 0.31.0-11-ge490571c62 (webtiles) character file.

Game seed: 11153573469553005908

1187 thirtiethelement the Slasher (level 8, 0/60 HPs)
             Began as a Demonspawn Monk on Jan 29, 2024.
             Slain by a howler monkey (3 damage)
             ... on level 4 of the Dungeon.
             The game lasted 00:11:59 (5475 turns).

thirtiethelement the Slasher (Demonspawn Monk)      Turns: 5475, Time: 00:11:59

Health: 0/60       AC:  6    Str: 11    XL:     8   Next: 19%
Magic:  8/12       EV: 12    Int: 10    God:
Gold:   84         SH:  0    Dex: 19    Spells: 12/13 levels left

rFire   + . .        a - +0 falchion
rCold   . . .        d - orb {light}
rNeg    . . .        i - +0 ring mail
rPois   .            (helmet restricted)
rElec   .            (no cloak)
rCorr   .            n - +0 pair of gloves
SInv    .            (no boots)
Will    .....        (no amulet)
Stlth   +            s - ring of wizardry
HPRegen 0.30/turn    k - ring of protection from fire
MPRegen 0.13/turn

%: wizardry (x1)
@: glowing
A: antennae 2, powered by death 1, powered by pain 2
a: no special abilities


You were on level 4 of the Dungeon.
You visited 1 branch of the dungeon, and saw 5 of its levels.

You collected 231 gold pieces.
You spent 147 gold pieces at shops.

Inventory:

Hand Weapons
 a - a +0 falchion (weapon)
Armour
 d - an orb of light (worn)
 i - a +0 ring mail (worn)
 n - a +0 pair of gloves (worn)
Jewellery
 k - a ring of protection from fire (right hand)
 s - a ring of wizardry (left hand)
 u - a ring of poison resistance
Wands
 j - a wand of polymorph (10)
Scrolls
 b - 2 scrolls of revelation {unknown}
 f - 3 scrolls of identify
 h - a scroll of immolation {unknown}
 m - 2 scrolls of fear {unknown}
 p - a scroll of vulnerability {unknown}
 q - a scroll of enchant weapon
 t - a scroll of amnesia {unknown}
Potions
 c - a potion of ambrosia
 e - a potion of berserk rage
 g - a potion of curing
 l - a potion of might {unknown}
 o - a potion of haste {unknown}
 r - a potion of lignification {unknown}


   Skills:
 + Level 4.2 Fighting
 + Level 4.9 Long Blades
 + Level 3.5 Armour
 + Level 3.5 Dodging
 + Level 1.0 Stealth
 + Level 3.1 Spellcasting
 + Level 3.0 Conjurations
 + Level 3.5 Alchemy


You had 12 spell levels left.
You knew the following spells:

 Your Spells              Type           Power      Damage    Failure   Level
a - Sting                 Conj/Alch      32%        1d5       6%          1

Your spell library contained the following spells:

 Spells                   Type           Power      Damage    Failure   Level
 Apportation              Tloc           2%         N/A       26%         1
 Necrotise                Necr           4%         1d4       26%         1
 Summon Small Mammal      Summ           4%         N/A       26%         1
 Tukima's Dance           Hex            1%         N/A       56%         3
 Iskenderun's Mystic Bla  Conj/Tloc      4%         2d3       77%         4
 Animate Armour           Summ/Erth      2%         N/A       91%         4
 Dimensional Bullseye     Hex/Tloc       0%         N/A       91%         4
 Summon Lightning Spire   Summ/Air       1%         N/A       91%         4
 Lee's Rapid Deconstruct  Erth           0%         3d4*      99%         5


Dungeon Overview and Level Annotations

Branches:
Dungeon (5/15)
 Temple: D:4-7

Altars:
Ashenzari
Nemelex Xobeh
Vehumet

Shops:
D:1 ?


Innate Abilities, Weirdness & Mutations

You have a pair of antennae on your head.
You regenerate a little health from kills.
You sometimes gain power by taking damage.


Message History

There is an open door here.
The howler monkey attacks as it pursues you!
The howler monkey hits you.
* * * LOW HITPOINT WARNING * * *
There is a stone staircase leading up here.
You can't go down here!
The howler monkey hits you.
* * * LOW HITPOINT WARNING * * *
You climb upwards.
There is a stone staircase leading down here.
Aiming: Sting (safe; 6% risk of failure)
Press: ? - help, Q - select action, (/) - cycle Shift-Dir - straight line, f - howler monkey
Aim: a howler monkey (haloed, 77% to hit)
The sting hits the howler monkey but does no damage.
The howler monkey is poisoned.
The howler monkey barely misses you. The howler monkey closely misses you.
Aiming: Sting (safe; 6% risk of failure)
Press: ? - help, Q - select action, (/) - cycle Shift-Dir - straight line, f/p - howler monkey
Aim: a howler monkey (lightly wounded, poisoned, haloed, 77% to hit)
The sting hits the howler monkey.
The howler monkey looks even sicker.
The howler monkey is moderately wounded.
The howler monkey closely misses you.
Aiming: Sting (safe; 6% risk of failure)
Press: ? - help, Q - select action, (/) - cycle Shift-Dir - straight line, f/p - howler monkey
Aim: a howler monkey (moderately wounded, very poisoned, haloed, 77% to hit)
The sting hits the howler monkey.
The howler monkey looks even sicker.
The howler monkey is moderately wounded.
The howler monkey barely misses you.
Aiming: Sting (safe; 6% risk of failure)
Press: ? - help, Q - select action, (/) - cycle Shift-Dir - straight line, f/p - howler monkey
Aim: a howler monkey (moderately wounded, very poisoned, haloed, 77% to hit)
The sting hits the howler monkey.
The howler monkey looks as sick as possible!
The howler monkey is heavily wounded.
The howler monkey hits you.
* * * LOW HITPOINT WARNING * * *
You barely miss the howler monkey.
The howler monkey is severely wounded.
The howler monkey hits you.
You die...

###...##.....####..#..####......#
.............# #....## ##....##
......#####..#####...# #....#.
.......## #.....##..## #......
####....###......#.## ##.###.#
..##..#.##.........## ###..# #.#
.....###.#........#.####...## ##.
.....# ##.........#......#.## #.
..##.###........@h#......#..# #.
.###..##..........#.###..##.# ##
...##.#...........#.# #...#.## ##
..................#.####.....###.
##...............##..###.....##..
##.................##.#..........
..................####....###.##.
.................## ##.####..###
.................# ###..####.## #


You could see a howler monkey (extremely poisoned).

Vanquished Creatures
  A steam dragon (D:5)
  A black bear (D:5)
  3 ogres
  2 scorpions (D:4)
  A wight (D:5)
  2 bombardier beetles
  5 orc priests
  A hound (D:4)
  A jelly (D:4)
  2 iguanas (D:5)
  4 orc wizards (D:5)
  A statue (D:4)
  An adder (D:4)
  A shadow imp (D:5)
  5 dart slugs
  6 orcs
  5 bats
  7 endoplasms
  4 giant cockroaches
  9 goblins
  7 hobgoblins
  A jackal (D:1)
  6 quokkas
  4 ball pythons
  3 frilled lizards
  9 kobolds
  3 rats
95 creatures vanquished.

Vanquished Creatures (others)
  A howler monkey (D:5)
  An orc (D:5)
2 creatures vanquished.

Grand Total: 97 creatures vanquished

Notes
Turn   | Place    | Note
-------+----------+-------------------------------------------
     0 | D:1      | thirtiethelement the Demonspawn Monk began the quest for
                  | the Orb.
     0 | D:1      | Reached XP level 1. HP: 18/18 MP: 1/1
    66 | D:1      | Gained mutation: You have a pair of small antennae on your
                  | head. [demonic ancestry]
    66 | D:1      | Reached XP level 2. HP: 14/24 MP: 2/2
   425 | D:1      | Found Qialymne's Magic Scroll Shop.
   430 | D:1      | Bought a scroll of noise for 14 gold pieces
   687 | D:1      | Gained mutation: You sometimes gain a little power by
                  | taking damage. [demonic ancestry]
   687 | D:1      | Reached XP level 3. HP: 29/29 MP: 3/3
  1123 | D:2      | Found a faded altar of an unknown god.
  1199 | D:2      | Learned a level 1 spell: Sting
  2348 | D:3      | Found a broken altar of Ashenzari.
  2736 | D:1      | Bought a scroll of identify for 28 gold pieces
  2736 | D:1      | Bought a scroll of enchant weapon for 105 gold pieces
  2798 | D:4      | Gained mutation: You have a pair of antennae on your head.
                  | [demonic ancestry]
  2798 | D:4      | Reached XP level 4. HP: 36/36 MP: 4/4
  3044 | D:4      | Reached skill level 1 in Spellcasting
  3180 | D:4      | Reached skill level 1 in Alchemy
  3180 | D:4      | Gained mutation: You sometimes gain power by taking damage.
                  | [demonic ancestry]
  3180 | D:4      | Reached XP level 5. HP: 41/41 MP: 0/7
  3381 | D:4      | Reached skill level 1 in Armour
  3381 | D:4      | Reached skill level 1 in Conjurations
  3388 | D:4      | HP: 2/42 [poisoned by a scorpion]
  3737 | D:4      | Reached XP level 6. HP: 36/48 MP: 0/9
  4132 | D:4      | Found a radiant altar of Vehumet.
  4715 | D:5      | Entered Level 5 of the Dungeon
  4755 | D:5      | Gained mutation: You regenerate a little health from kills.
                  | [demonic ancestry]
  4755 | D:5      | Reached XP level 7. HP: 32/51 MP: 10/10
  4965 | D:5      | Found a sparkling altar of Nemelex Xobeh.
  5008 | D:5      | Noticed a steam dragon
  5056 | D:5      | Killed a steam dragon
  5242 | D:5      | Reached skill level 1 in Stealth
  5360 | D:5      | Reached XP level 8. HP: 44/60 MP: 9/12
  5474 | D:4      | HP: 3/60 [howler monkey (3)]
  5475 | D:4      | Slain by a howler monkey

Illustrated notes

Levels and vault maps discovered:
D:1:      dpeg_arrival_shelter, layout_loops_corners, serial_shops,
          nicolae_shop_rolling_square, minmay_indecisive_spiral
D:2:      layout_loops_ring, dreamdust_ecumenical_altar_grove
D:3:      layout_rooms, lemuel_crystal_altar
D:4:      layout_layer_cave, vehumet_statue
D:5:      cheibrodos_fzero, layout_basic, nemelex_altar_shiori,
          minmay_temple_entry_junction

Skill      XL: |  1  2  3  4  5  6  7  8 |
---------------+-------------------------+-----
Dodging        | 3 |  3.5
Long Blades    | 3 4 |  4.9
Spellcasting   | 1 2 3 |  3.1
Alchemy        | 1 2 3 |  3.5
Armour         | 1 2 3 |  3.5
Conjurations   | 1 2 3 |  3.0
Fighting       | 4 |  4.2
Stealth        | 1 |  1.0

Action                     |  1- 3 |  4- 6 |  7- 9 || total
---------------------------+-------+-------+-------++-------
  Melee: Falchion          |   103 |    68 |    51 ||   222
   Cast: Sting             |    18 |    44 |    43 ||   105
    Use: Scroll            |     3 |       |       ||     3
         Potion            |       |     1 |       ||     1
 Armour: Robe              |    16 |       |       ||    16
         Ring mail         |    49 |    49 |    46 ||   144
  Dodge: Dodged            |    68 |    22 |    31 ||   121
